 Dungeon Sprint DCSS version 0.17.0-56-gd8de76c (webtiles) character file.

24408 kosy22 the Peltast (level 12, -21/126 HPs)
             Began as a Troll Fighter on Dec 5, 2015.
             Was the Champion of Qazlal.
             Demolished by an enormous slime creature (68 damage)
             ... in the Dungeon (Sprint V: "Ziggurat Sprint").
             The game lasted 00:16:20 (991 turns).

kosy22 the Peltast (Troll Fighter)                   Turns: 991, Time: 00:16:20

Health: -21/126    AC: 29    Str: 43    XL:     12   Next: 80%
Magic:  13/13      EV: 11    Int:  4    God:    Qazlal [******]
Gold:   0          SH:  0    Dex:  9    Spells: 0 memorised, 11 levels left

rFire  + . .     SeeInvis .     K - +12 lance "Wyrmbane" {slay drac, +Rage rPois rF+ AC+5}
rCold  . . .     Rnd*Rage +     l - +5 storm dragon armour
rNeg   . . .     SustAt   .     m - +3 large shield
rPois  +         Gourm    +     (helmet restricted)
rElec  +         Spirit   .     (no cloak)
rCorr  +         Warding  .     (gloves unavailable)
rMut   .         NoTele   +     (boots unavailable)
MR     .....                    N - amulet of resist corrosion
Stlth  ..........               I - +6 ring of strength
                                H - +6 ring of strength

@: confused, exhausted, protected from physical damage, very slightly
contaminated, slowed, repel missiles, very slow, not resistant to hostile
enchantments, extremely unstealthy
A: unfitting armour, claws 3, berserk 2, fast metabolism 3, gourmand,
regeneration 2, shaggy fur 1, tough skin 2
a: Upheaval, Elemental Force, Disaster Area, Renounce Religion, Evoke Berserk
Rage


You were in the Dungeon.
You worshipped Qazlal.
Qazlal was exalted by your worship.
You were not hungry.

You visited 1 branch

Inventory:

Hand Weapons
 K - the +12 lance "Wyrmbane" (weapon) {slay drac, +Rage rPois rF+ AC+5}
   (You found it in the Dungeon)

   It affects your AC (+5).
   It protects you from fire.
   It protects you from poison.
   It lets you go berserk.
Armour
 a - a +0 robe
 b - a +0 shield
 l - a +5 storm dragon armour (worn)
 m - a +3 large shield (worn)
Rods
 x - a +5 iron rod (5/12)
   (You took it off an orc high priest in the Dungeon)
 Q - a +5 rod of shadows (6/11)
   (You took it off an iron imp in the Dungeon)
Jewellery
 D - a +6 ring of dexterity
 E - a +6 ring of dexterity
 F - a +6 ring of intelligence
 G - a +6 ring of intelligence
 H - a +6 ring of strength (left claw)
 I - a +6 ring of strength (right claw)
 N - an amulet of resist corrosion (around neck)
 P - the ring of Scepticism {SustAt rElec}
   (You found it in the Dungeon)

   [ring of sustain attributes]

   It sustains your strength, intelligence and dexterity.
   It insulates you from electricity.
 W - the ring "Festix" {rElec EV+2 Str-2 Dex+2}
   (You found it in the Dungeon)

   [ring of evasion]

   It affects your evasion (+2).
   It affects your strength (-2).
   It affects your dexterity (+2).
   It insulates you from electricity.
 X - the ring of Ohal {rC+ rN+ MP+9 EV+2}
   (You found it in the Dungeon)

   [ring of evasion]

   It affects your evasion (+2).
   It protects you from cold.
   It protects you from negative energy.
   It affects your magic capacity (+9).
Wands
 y - a wand of disintegration (7)
 A - a wand of fire (5)
 B - a wand of cold (5)
 C - a wand of draining (5)
 M - a wand of digging (12)
Scrolls
 j - 3 scrolls of blinking
 k - a scroll of brand weapon
 n - 4 scrolls of amnesia
 o - 3 scrolls of recharging
 p - 7 scrolls of fog
 q - a scroll of holy word
 r - 5 scrolls of identify
 s - 5 scrolls of remove curse
 t - 2 scrolls of fear
Potions
 c - 6 potions of might
 e - 9 potions of curing
 f - 4 potions of heal wounds
 g - 6 potions of haste
 h - 7 potions of magic
 i - 2 potions of berserk rage
 u - 2 potions of brilliance
 v - 2 potions of invisibility
 w - 4 potions of resistance
 z - 5 potions of agility
Books
 O - a Fen Folio

   Spells                             Type                      Level
   a - Corpse Rot                     Necromancy                   2
   b - Stone Arrow                    Conjuration/Earth            3
   c - Leda's Liquefaction            Hexes/Earth                  4
   d - Summon Forest                  Summoning/Translocation      5
   e - Hydra Form                     Transmutation                6
   f - Summon Hydra                   Summoning                    7
 S - a book of Callings

   Spells                             Type                      Level
   a - Summon Small Mammal            Summoning                    1
   b - Call Imp                       Summoning                    2
   c - Call Canine Familiar           Summoning                    3
   d - Summon Guardian Golem          Hexes/Summoning              3
   e - Summon Lightning Spire         Summoning/Air                4
   f - Summon Ice Beast               Ice/Summoning                4
Miscellaneous
 R - a plain deck of defence {drawn: 1}
 U - a lantern of shadows
 Y - a stone of tremors
 Z - a fan of gales
Comestibles
 d - 6 bread rations
 J - 38 fruits
 L - 4 meat rations


   Skills:
 + Level 10.2 Fighting
 + Level 0.8 Maces & Flails
 + Level 8.6 Polearms
 + Level 0.8 Throwing
 + Level 7.9 Armour
 + Level 11.0 Dodging
 + Level 1.0 Stealth
 + Level 16.9 Shields
 + Level 5.0 Unarmed Combat
 + Level 0.4 Spellcasting
 + Level 0.8 Invocations
 + Level 2.9 Evocations


You had 11 spell levels left.
You didn't know any spells.

Dungeon Overview and Level Annotations

Branches:
Dungeon (1/1)

Altars:
Ashenzari
Cheibriados
Dithmenos
Elyvilon
Fedhas
Gozag
Kikubaaqudgha
Makhleb
Nemelex Xobeh
Okawaru
Qazlal
Ru
Sif Muna
Trog
Vehumet
Xom
Yredelemnul
Zin
The Shining One
Beogh
Jiyva
Lugonu


Innate Abilities, Weirdness & Mutations

You are too large for most types of armour.
You have claws for hands.
Your metabolism is lightning-fast.
You like to eat raw meat.
You heal very quickly.
You are covered in fur (AC +1).
You have very tough skin (AC +2).
You often lose your temper in combat.


Message History

The ooze barely misses you.
Drink which item? (? for menu, Esc to quit)
You feel much better. The great orb of eyes bites you.
* * * LOW HITPOINT WARNING * * *
The death ooze hits you but does no damage.
The death ooze hits you!
* * * LOW HITPOINT WARNING * * *
The enormous slime creature barely misses you.
The ooze closely misses you.
The great orb of eyes bites you but does no damage.
The death ooze completely misses you.
The death ooze hits you but does no damage.
The enormous slime creature hits you but does no damage.
Drink which item? (? for menu, Esc to quit)
You feel much better. The death ooze hits you!
The death ooze hits you but does no damage.
The great orb of eyes bites you but does no damage.
The enormous slime creature hits you!!!
Ouch! That really hurt!
You die...

▓..).:J|.K▓.
▓..!?:[}..▓....G.§..▓.
▓.........▓...GJ.G..▓.
.........▓.....G.Sg▓.
▓ ....... ▓...§.§§..▓.
▓. ..... .▓.........▓.
▓..▓.J§▓..▓.........▓.
▓.▓GGJJJ▓.▓.▓.....▓.▓.
▓...§@G...▓.........▓▓
▓▓▓▓▓▓▓▓▓▓▓▓▓▓▓▓▓▓▓▓▓


You could see 2 great orbs of eyes, an enormous slime creature, a shining eye, 2
death oozes and an ooze.

Vanquished Creatures
  An ironheart preserver (D)
  2 green draconians (D)
  A mottled draconian (D)
  A purple draconian (D)
  2 vault guards (D)
  A yaktaur captain (D)
  An orc high priest (D)
  A small abomination (D)
  A deep elf knight (D)
  A deep elf summoner (D)
  An anubis guard (D)
  An orc sorcerer (D)
  A deep elf conjurer (D)
  An orc knight (D)
  A draconian (D)
  A yaktaur (D)
  A guardian mummy (D)
  A deep elf priest (D)
  2 jumping spiders (D)
  2 slime creatures (D)
  A tarantella (D)
  Sigmund (D)
  7 deep elf magi (D)
  A vampire mosquito (D)
  3 deep elf fighters (D)
  An eye of draining (D)
  A black bear (shapeshifter) (D)
  A phantom (D)
  A scorpion (D)
  5 jellies (D)
  A crimson imp (D)
  2 iron imps (D)
  Jessica (D)
  A quasit (D)
  2 mummies (D)
  A shadow imp (D)
  An adder simulacrum (D)
  3 bat zombies (D)
58 creatures vanquished.

Vanquished Creatures (collateral kills)
  A death ooze (D)
1 creature vanquished.

Vanquished Creatures (others)
  A draconian (D)
1 creature vanquished.

Grand Total: 60 creatures vanquished

Notes
Turn   | Place    | Note
--------------------------------------------------------------
     0 | D        | kosy22 the Troll Fighter began the quest for the Orb.
     0 | D        | Reached XP level 1. HP: 22/22 MP: 0/0
     3 | D        | Found an iron altar of Okawaru.
     3 | D        | Found a radiant altar of Vehumet.
     3 | D        | Found a shimmering altar of Xom.
     3 | D        | Found a burning altar of Makhleb.
    33 | D        | Found a deep blue altar of Sif Muna.
    35 | D        | Found a corrupted altar of Lugonu.
    35 | D        | Found a roughly hewn altar of Beogh.
    35 | D        | Found a white marble altar of Elyvilon.
    35 | D        | Found a viscous altar of Jiyva.
    35 | D        | Found a sparkling altar of Nemelex Xobeh.
    35 | D        | Found a bloodstained altar of Trog.
    43 | D        | Became a worshipper of Qazlal Stormbringer
    85 | D        | Entered arena 1.
    85 | D        | Noticed Sigmund
    85 | D        | Noticed Jessica
    96 | D        | Killed Sigmund
    96 | D        | Reached skill level 5 in Fighting
    96 | D        | Reached skill level 5 in Dodging
    96 | D        | Reached skill level 5 in Shields
    96 | D        | Reached XP level 2. HP: 19/35 MP: 1/1
    96 | D        | Reached XP level 3. HP: 22/42 MP: 2/2
    96 | D        | Reached XP level 4. HP: 26/50 MP: 3/3
    96 | D        | Reached XP level 5. HP: 29/57 MP: 4/4
    99 | D        | Killed Jessica
   165 | D        | Entered arena 2.
   165 | D        | Noticed a phantom
   166 | D        | Reached * piety under Qazlal
   173 | D        | Killed a phantom
   173 | D        | Reached skill level 6 in Fighting
   173 | D        | Reached XP level 6. HP: 65/67 MP: 5/5
   185 | D        | Entered arena 3.
   185 | D        | Noticed a scorpion
   185 | D        | Noticed a jumping spider
   185 | D        | Noticed a tarantella
   185 | D        | Noticed a jumping spider
   190 | D        | Killed a scorpion
   190 | D        | Reached ** piety under Qazlal
   194 | D        | Killed a tarantella
   194 | D        | Reached skill level 1 in Polearms
   194 | D        | Reached skill level 7 in Dodging
   203 | D        | Killed a jumping spider
   203 | D        | Reached skill level 1 in Armour
   203 | D        | Reached skill level 8 in Shields
   203 | D        | Reached XP level 7. HP: 18/78 MP: 6/6
   213 | D        | Killed a jumping spider
   213 | D        | Reached *** piety under Qazlal
   213 | D        | Reached skill level 9 in Shields
   322 | D        | Entered arena 4.
   322 | D        | Noticed a jelly
   322 | D        | Noticed a jelly
   322 | D        | Noticed an eye of draining
   322 | D        | Noticed a jelly
   326 | D        | Killed a jelly
   327 | D        | Killed a jelly
   331 | D        | Killed an eye of draining
   331 | D        | Reached XP level 8. HP: 88/88 MP: 7/7
   334 | D        | Killed a jelly
   334 | D        | Reached **** piety under Qazlal
   353 | D        | Entered arena 5.
   353 | D        | Noticed an iron imp
   353 | D        | Noticed an iron imp
   353 | D        | Noticed a crimson imp
   353 | D        | Noticed a quasit
   355 | D        | Identified a +5 rod of shadows (6/11)
   356 | D        | Killed a quasit
   363 | D        | Killed a crimson imp
   365 | D        | Killed an iron imp
   371 | D        | Killed an iron imp
   371 | D        | Reached ***** piety under Qazlal
   382 | D        | Got the ring of Scepticism {SustAt rElec}
   393 | D        | Entered arena 6.
   393 | D        | Noticed an anubis guard
   393 | D        | Noticed a guardian mummy
   411 | D        | Killed an anubis guard
   411 | D        | Reached skill level 10 in Shields
   414 | D        | Killed a guardian mummy
   414 | D        | Reached skill level 11 in Shields
   488 | D        | Entered arena 7.
   488 | D        | Noticed a green draconian
   488 | D        | Noticed a purple draconian
   488 | D        | Noticed a mottled draconian
   488 | D        | Noticed a draconian
   488 | D        | Noticed a draconian
   488 | D        | Noticed a green draconian
   505 | D        | Killed a draconian
   505 | D        | Reached XP level 9. HP: 89/97 MP: 8/8
   514 | D        | Killed a green draconian
   514 | D        | Reached skill level 12 in Shields
   518 | D        | Killed a draconian
   522 | D        | Killed a purple draconian
   522 | D        | Reached skill level 5 in Polearms
   522 | D        | Reached skill level 5 in Armour
   522 | D        | Reached skill level 1 in Evocations
   522 | D        | Reached XP level 10. HP: 85/106 MP: 9/9
   523 | D        | Killed a green draconian
   523 | D        | Reached ****** piety under Qazlal
   523 | D        | Reached skill level 13 in Shields
   526 | D        | Killed a mottled draconian
   586 | D        | Got the ring of Kigoxeg {+Inv MP+9 Int+2 Stlth+}
   589 | D        | Got the ring "Festix" {rElec EV+2 Str-2 Dex+2}
   591 | D        | Got the ring of Ohal {rC+ rN+ MP+9 EV+2}
   595 | D        | Entered arena 8.
   595 | D        | Noticed a vault guard
   595 | D        | Noticed a yaktaur
   595 | D        | Noticed a vampire mosquito
   595 | D        | Noticed a vault guard
   595 | D        | Noticed an orc knight
   595 | D        | Noticed a yaktaur captain
   595 | D        | Noticed an ironheart preserver
   618 | D        | Killed an ironheart preserver
   618 | D        | Reached skill level 14 in Shields
   619 | D        | Killed a vampire mosquito
   623 | D        | Killed a yaktaur
   623 | D        | Reached skill level 10 in Dodging
   629 | D        | Killed a vault guard
   629 | D        | Killed a vault guard
   629 | D        | Reached XP level 11. HP: 99/115 MP: 8/11
   639 | D        | Killed an orc knight
   639 | D        | Reached skill level 15 in Shields
   644 | D        | Killed a yaktaur captain
   671 | D        | Entered arena 9.
   671 | D        | Noticed a deep elf knight
   671 | D        | Noticed a deep elf mage
   671 | D        | Noticed an orc sorcerer
   671 | D        | Noticed a deep elf mage
   671 | D        | Noticed a deep elf conjurer
   671 | D        | Noticed a deep elf mage
   671 | D        | Noticed a deep elf fighter
   671 | D        | Noticed a deep elf mage
   679 | D        | Killed a deep elf fighter
   682 | D        | Killed a deep elf knight
   684 | D        | Killed an orc sorcerer
   687 | D        | Killed a deep elf mage
   693 | D        | Killed a deep elf mage
   696 | D        | Killed a deep elf conjurer
   696 | D        | Reached skill level 10 in Fighting
   701 | D        | Killed a deep elf mage
   706 | D        | Killed a deep elf mage
   738 | D        | Reached skill level 5 in Unarmed Combat
   738 | D        | Reached XP level 12. HP: 126/126 MP: 12/12
   745 | D        | Entered arena 10.
   745 | D        | Noticed a deep elf priest
   745 | D        | Noticed a hog
   745 | D        | Noticed a deep elf mage
   745 | D        | Noticed a deep elf mage
   745 | D        | Noticed a deep elf mage
   745 | D        | Noticed an orc high priest
   745 | D        | Noticed a deep elf fighter
   745 | D        | Noticed a deep elf summoner
   745 | D        | Noticed a deep elf fighter
   747 | D        | a hog changed into a polar bear
   765 | D        | Killed an orc high priest
   765 | D        | Reached skill level 16 in Shields
   767 | D        | Killed a deep elf fighter
   772 | D        | Killed a deep elf mage
   778 | D        | Killed a deep elf fighter
   804 | D        | Killed a deep elf mage
   808 | D        | Killed a deep elf summoner
   810 | D        | Killed a deep elf priest
   814 | D        | Killed a deep elf mage
   921 | D        | Entered arena 11.
   921 | D        | Noticed a jelly
   921 | D        | Noticed a death ooze
   921 | D        | Noticed a shining eye
   921 | D        | Noticed an azure jelly
   921 | D        | Noticed a slime creature
   922 | D        | Noticed a death ooze
   922 | D        | Noticed a slime creature
   922 | D        | Noticed a great orb of eyes
   922 | D        | Noticed a shining eye
   922 | D        | Gained mutation: You tend to lose your temper in combat. [a shining eye]
   924 | D        | Killed a jelly
   925 | D        | Noticed a giant orange brain
   937 | D        | Killed a slime creature
   937 | D        | Reached skill level 1 in Stealth
   939 | D        | Killed a death ooze
   954 | D        | Gained mutation: You often lose your temper in combat. [a shining eye]
   974 | D        | Killed a slime creature
   981 | D        | Entered arena 12.
   981 | D        | Noticed a slime creature
   981 | D        | Noticed a slime creature
   981 | D        | Noticed a slime creature
   981 | D        | Noticed a shining eye
   982 | D        | Noticed a death ooze
   982 | D        | Noticed a great orb of eyes
   982 | D        | Noticed a great orb of eyes
   982 | D        | Noticed a slime creature
   982 | D        | Paralysed by a great orb of eyes for 6 turns
   983 | D        | Noticed a death ooze
   984 | D        | Noticed a jelly
   987 | D        | HP: 1/124 [death ooze (11)]
   989 | D        | Killed a jelly
   991 | D        | Demolished by an enormous slime creature

Action                   |  1- 3 |  4- 6 |  7- 9 | 10-12 || total
-------------------------+-------+-------+-------+-------++-------
Melee: Lance             |     6 |    23 |    77 |   125 ||   231
 Abil: Evoke Berserk Rag |       |       |     2 |       ||     2
Evoke: Phantom mirror    |       |       |     1 |       ||     1
       Rod               |       |       |       |     8 ||     8
       Fan of gales      |       |       |       |     1 ||     1
       Stone of tremors  |       |       |       |     1 ||     1
       Deck              |       |       |       |     1 ||     1
  Use: Potion            |       |       |       |     9 ||     9
       Scroll            |       |       |       |     1 ||     1
  Eat: Fruit             |       |       |     4 |       ||     4
       Chunk             |       |       |       |     9 ||     9
